 Dungeon Crawl Stone Soup version 0.14-a0-519-g334afa2 (webtiles) character file.

77 PolkaDot the Sneak (level 3, -16/22 HPs)
             Began as a Vampire Wizard on Nov 1, 2013.
             Demolished by Crazy Yiuf
             ... wielding a +2,+4 quarterstaff of chaos
              (20 damage)
             ... while paralysed by you
             ... on Level 2 of the Dungeon.
             The game lasted 00:07:51 (1608 turns).

PolkaDot the Sneak (Vampire Wizard)                 Turns: 1608, Time: 00:07:51

HP -16/22        AC  2     Str  6      XL: 3   Next: 64%
MP   1/10        EV  2     Int 21      God:
Gold 24          SH  0     Dex 12      Spells:  3 memorised,  1 level left

Res.Fire  : . . .   See Invis. : +   m - +0 orc short sword
Res.Cold  : . . .   Warding    : .   a - +0 robe
Life Prot.: . . .   Conserve   : .   (no shield)
Res.Poison: .       Res.Corr.  : .   b - +0 wizard hat
Res.Elec. : .       Clarity    : .   (no cloak)
Sust.Abil.: . .     Spirit.Shd : .   (no gloves)
Res.Mut.  : .       Stasis     : .   (no boots)
Res.Rott. : .       Flight     : .   (no amulet)
Saprovore : . . .                    (no ring)
                                     (no ring)

@: paralysed, regenerating quickly, slightly resistant to hostile enchantments,
stealthy
A: fangs 3, see invisible, unbreathing
a: no special abilities


You were on level 2 of the Dungeon.
You were very full.

You visited 1 branch of the dungeon, and saw 2 of its levels.

You collected 24 gold pieces.

Inventory:

Hand weapons
 m - a +0,+0 orcish short sword (weapon)
Armour
 a - a +0 robe (worn)
 b - a +0 wizard hat (worn)
Scrolls
 e - a scroll of fog {unknown}
 f - a scroll of enchant weapon I {unknown}
 g - 2 scrolls of fear {unknown}
 i - a scroll of identify {unknown}
 j - a scroll of recharging {unknown}
 k - a scroll of enchant armour {unknown}
Books
 c - a book of Minor Magic

   Spells                             Type                      Level
   *Magic Dart                        Conjuration                  1
   Blink                              Translocation                2
   Call Imp                           Summoning                    2
   Repel Missiles                     Charms/Air                   2
   Slow                               Hexes                        2
   *Conjure Flame                     Conjuration/Fire             3
   *Mephitic Cloud                    Conjuration/Poison/Air       3


   Skills:
 - Level 2.1 Dodging
 - Level 3.0 Stealth
 - Level 3.0 Spellcasting
 * Level 2.6 Conjurations
   Level 1.0 Summonings
   Level 0.7 Translocations


You had one spell level left.
You knew the following spells:

 Your Spells              Type           Power        Failure   Level  Hunger
a - Magic Dart            Conj           ##..         6%          1    None
d - Mephitic Cloud        Conj/Pois/Air  #.......     30%         3    ###....
s - Conjure Flame         Conj/Fire      #.......     24%         3    ###....


Dungeon Overview and Level Annotations

Branches:
Dungeon (2/27)

Altars:

Annotations:
D:2 Crazy Yiuf, Sigmund


Innate Abilities, Weirdness & Mutations

Your natural rate of healing is unusually fast.
You have razor-sharp teeth.*
You have supernaturally acute eyesight.
You can survive without breathing.*


Message History

* * * LOW HITPOINT WARNING * * *
Drink which item? (? for menu, Esc to quit)
Yummy - fresh blood!
Crazy Yiuf is engulfed in noxious fumes.
Crazy Yiuf appears confused.
Crazy Yiuf misses you.
You hit Crazy Yiuf.
Crazy Yiuf is severely wounded.
Crazy Yiuf is engulfed in noxious fumes.
Crazy Yiuf appears confused.
Crazy Yiuf scratches his head thoughtfully.
You hit Crazy Yiuf but do no damage.
Crazy Yiuf is severely wounded.
Crazy Yiuf is engulfed in noxious fumes.
Crazy Yiuf appears confused.
Crazy Yiuf hits you with a quarterstaff of chaos.
* * * LOW HITPOINT WARNING * * *
You suddenly lose the ability to move!
Crazy Yiuf hits you with a quarterstaff of chaos!
Ouch! That really hurt!
You die...

...##...#........................
..<#####....######(.#....###.####
..## ###..### ###(K#............
.### ♣♣....♣♣ #.........###.###.
...# ♣♣...♣♣♣ #.#..#....###.###.
...# ♣♣♣.♣♣♣♣ #.................
...# ♣♣.♣♣♣♣ #.#.%#....###.###.
...# ♣♣♣.♣♣♣ #g#..####.# #.# #.
...#.#♣♣♣.♣♣♣ #@#..####.# #.# #.
^....# ♣♣♣.♣♣ #.........###.###.
.....# ♣##'## #...>.............
###### ... #...##.#####.####. #
#...# #...##.#####.####. ######
#..)# #...##.........).. .....#
##### #................. .....#
###.##.#####.####. .....###
######.%....#.....# #.


You could see Crazy Yiuf (confused).

Vanquished Creatures
  An adder (D:2)
  A giant mite (D:1)
  A giant gecko (D:2)
  5 bats
  A giant cockroach (D:1)
  5 goblins
  7 hobgoblins
  4 giant newts (D:2)
  6 kobolds
  7 rats
38 creatures vanquished.

Notes
Turn   | Place    | Note
--------------------------------------------------------------
     0 | D:1      | PolkaDot, the Vampire Wizard, began the quest for the Orb.
     0 | D:1      | Reached XP level 1. HP: 11/11 MP: 6/6
    45 | D:1      | Reached skill level 1 in Conjurations
   288 | D:1      | Reached XP level 2. HP: 17/17 MP: 4/8
  1050 | D:2      | Noticed Sigmund
  1092 | D:2      | Reached XP level 3. HP: 22/22 MP: 10/10
  1097 | D:2      | Learned a level 3 spell: Conjure Flame
  1101 | D:2      | Learned a level 3 spell: Mephitic Cloud
  1565 | D:2      | Noticed Crazy Yiuf
  1606 | D:2      | Paralysed by you for 7 turns
  1608 | D:2      | Demolished by Crazy Yiuf

Action                   || total
-------------------------++-------
Melee: Dagger            ||     6
       Short sword       ||     4
 Cast: Magic Dart        ||    83
       Conjure Flame     ||     1
       Mephitic Cloud    ||     1
  Use: Potion            ||     5
 Stab: Sleeping          ||     5
